 Dungeon Sprint DCSS version 0.17-a0-1311-gbcbd859 (webtiles) character file.

28820 Kidiri the Unseen (level 13, -1/70 HPs)
             Began as a Spriggan Enchanter on June 8, 2015.
             Was the Champion of Dithmenos.
             Slain by a golden dragon (30 damage)
             ... while paralysed by miscasting Haste
             ... in the Dungeon (Sprint II: "The Violet Keep of Menkaure").
             The game lasted 00:34:10 (3617 turns).

Kidiri the Unseen (Spriggan Enchanter)              Turns: 3617, Time: 00:34:10

Health: -1/70      AC:  6    Str:  4    XL:     13   Next: 11%
Magic:  31/40      EV:  4    Int: 21    God:    Dithmenos [******]
Gold:   1732       SH:  0    Dex: 23    Spells: 9 memorised, 6 levels left

rFire  . . .     SeeInvis +     a - +3 dagger
rCold  . . .     Clarity  .     b - +1 robe of Existentialism {+Blink MP+9 Int+3 Dex-3}
rNeg   + . .     SustAt   .     (shield restricted)
rPois  +         Gourm    .     (helmet restricted)
rElec  .         Spirit   .     k - +2 cloak
rCorr  .         Warding  .     (gloves unavailable)
rMut   .         NoTele   +     (boots unavailable)
MR     ++...                    (no amulet)
Stlth  ++++++++++               s - ring of stealth
                                i - ring of Ymnubbeo {+Inv rPois rN+ Dex+6 SInv}

@: paralysed, very slightly contaminated, wreathed by umbra, very quick, very
resistant to hostile enchantments, uncannily stealthy
A: unfitting armour, see invisible, herbivore 3, speed 3, slow metabolism 2
a: Shadow Step, Shadow Form, Renounce Religion, Evoke Blink, Evoke Invisibility


You were in the Dungeon.
You worshipped Dithmenos.
Dithmenos was exalted by your worship.
You were not hungry.

You visited 1 branch You collected 3567 gold pieces.
You spent 1835 gold pieces at shops.

Inventory:

Hand weapons
 a - a +3 dagger (weapon)
 B - a +0 blowgun
 C - a +0 short sword of distortion
Armour
 b - the +1 robe of Existentialism (worn) {+Blink MP+9 Int+3 Dex-3}
   (You found it in the Dungeon)

   It affects your intelligence (+3).
   It affects your dexterity (-3).
   It affects your magic capacity (+9).
   It lets you blink.
 k - a +2 cloak (worn)
 n - a +2 robe
Rods
 x - a +6 rod of clouds (10/10)
   (You found it in the Dungeon)
Jewellery
 i - the ring of Ymnubbeo (left hand) {+Inv rPois rN+ Dex+6 SInv}
   (You bought it in a shop in the Dungeon)

   [ring of dexterity]

   It affects your dexterity (+6).
   It protects you from poison.
   It protects you from negative energy.
   It lets you see invisible.
   It lets you turn invisible.
 s - a ring of stealth (right hand)
 y - a +2 ring of slaying
Scrolls
 j - a scroll of blinking
 m - 3 scrolls of remove curse
 t - a scroll of fog
 u - a scroll of acquirement {unknown}
 v - a scroll of recharging
 z - a scroll of identify
 A - a scroll of enchant weapon
Potions
 e - a potion of curing
 f - a potion of heal wounds
 g - 2 potions of haste
 h - 5 potions of magic
 l - 2 potions of resistance
 o - 5 potions of flight
 q - 3 potions of cure mutation {unknown}
 r - a potion of lignification {unknown}
 w - a potion of invisibility {unknown}
Books
 c - a book of Maledictions

   Spells                             Type                      Level
   a - Corona                         Hexes                        1
   b - Ensorcelled Hibernation        Hexes/Ice                    2
   c - Confuse                        Hexes                        3
   d - Tukima's Dance                 Hexes                        3
   e - Dazzling Spray                 Conjuration/Hexes            3
 d - a book of Enchantments

   Spells                             Type                      Level
   a - Cause Fear                     Hexes                        4
   b - Silence                        Hexes/Air                    5
   c - Deflect Missiles               Charms/Air                   6
   d - Haste                          Charms                       6
   e - Discord                        Hexes                        8
Comestibles
 p - 2 bread rations


   Skills:
 + Level 8.9 Fighting
 * Level 15.3 Short Blades
 + Level 0.0 Throwing
 * Level 19.1 Dodging
 * Level 20.8 Stealth
 * Level 13.5 Spellcasting
 + Level 7.3 Conjurations
 - Level 12.4 Hexes
 + Level 5.9 Charms
 + Level 7.9 Ice Magic
 * Level 3.6 Air Magic
 + Level 4.3 Invocations
 + Level 11.6 Evocations


You had 6 spell levels left.
You knew the following spells:

 Your Spells              Type           Power        Failure   Level  Hunger
a - Corona                Hex            ######.      1%          1    None
b - Ensorcelled Hibernat  Hex/Ice        ######       1%          2    None
c - Confuse               Hex            ######..     1%          3    None
d - Tukima's Dance        Hex            ######..     1%          3    None
e - Dazzling Spray        Conj/Hex       ######..     1%          3    None
f - Cause Fear            Hex            ######....   1%          4    None
g - Silence               Hex/Air        #####.....   6%          5    ###....
h - Deflect Missiles      Chrm/Air       ####......   89%         6    #####..
i - Haste                 Chrm           #####...     71%         6    #####..


Dungeon Overview and Level Annotations

Branches:
Dungeon (1/1)

Altars:
Cheibriados
Dithmenos
Elyvilon
Fedhas
Gozag
Kikubaaqudgha
Makhleb
Nemelex Xobeh
Okawaru
Qazlal
Ru
Sif Muna
Trog
Vehumet
Xom
Yredelemnul
Zin
The Shining One
Beogh
Jiyva
Lugonu

Shops:
D =:!:%%[!??!=([([[[:**}=%(!!?

Annotations:
D exclusions: obsidian statue and oklob plant


Innate Abilities, Weirdness & Mutations

You are tiny and cannot use many weapons and most armour.
You have supernaturally acute eyesight.
You are a herbivore.
You cover ground extremely quickly.
You need consume almost no food.


Message History

Aiming: Confuse
Press: ? - help, Shift-Dir - straight line, f/p - golden dragon
Aim: a golden dragon (umbra, chance to defeat MR: 0%)
Okay, then.
Unknown command.
Casting: Confuse
Confirm with . or Enter, or press ? or * to list all spells.
The spell is very dangerous to cast!
Continue anyway?
Aiming: Haste
Press: ? - help, Shift-Dir - straight line, f - you, p - golden dragon You miscast Haste.
You are very lightly contaminated with residual magic.
You suddenly lose the ability to move!
The golden dragon barely misses you. The golden dragon claws you!
The golden dragon tramples you!
You emit a cloud of dark smoke.
You stumble backwards!
The golden dragon barely misses you. The golden dragon claws you!
You emit a cloud of dark smoke.
The golden dragon tramples you.
You stumble backwards!
The golden dragon bites you!!
You die...

###########*********** #
#†...(.'..#∩,∩∩∩+,+,,###
#?†[†..#(.####***,***#..
#'######%##..####+####.?
#∩∩∩∩∩∩#[÷'.##≈§S§§§§##⌠
#∩∩∩∩∩∩#..###≈≈§§≈§≈≈≈##
#########..+S≈§S§§≈§§§§#
#CeD##§§.####≈§§§§§§§§##
#$D§§2D@)).≈##§≈§§≈S≈*#)
############≈≈#+++#+++###
###########≈≈≈.........#%
##.∩.∩....#≈≈≈≈≈##'##..#.
##..∩.∩...#≈≈≈≈##.#.##.##
##...∩.∩..#≈≈≈≈#..#..#...
##....∩.⌠.#≈≈####...####.
##...∩.∩..#≈##.###'###.##
##..∩.∩...#≈#.####.##..##


You could see a golden dragon and a cacodemon.

Vanquished Creatures
  A deep elf master archer (D)
  2 krakens (D)
  2 sphinxes (D)
  Kirke (D)
  A draconian shifter (D)
  A crystal guardian (D)
  A fire dragon (D)
  A yaktaur captain (D)
  An iron elemental (D)
  A centaur warrior (D)
  A death yak (D)
  2 hell hogs (D)
  Sonja (D)
  A skeletal warrior (D)
  2 death drakes (D)
  2 unseen horrors (D)
  2 deep trolls (D)
  A giant orange brain (D)
  A harpy (D)
  3 griffons (D)
  An elephant (D)
  A kobold demonologist (D)
  An eye of devastation (D)
  A yaktaur (D)
  5 polar bears (D)
  A blink frog (D)
  3 slime creatures (D)
  2 boulder beetles (D)
  2 redbacks (D)
  4 flying skulls (D)
  2 wyverns (D)
  3 yaks (D)
  3 hippogriffs (D)
  Menkaure (D)
  2 swamp drakes (D)
  5 necrophages (D)
  A wasp (D)
  3 black bears (D)
  4 crocodiles (D)
  4 brain worms (D)
  An iron imp (D)
  3 worms (D)
  A spectral bat (D)
  A spectral jackal (D)
83 creatures vanquished.

Vanquished Creatures (others)
  12 tentacles (D)
12 creatures vanquished.

Grand Total: 95 creatures vanquished

Notes
Turn   | Place    | Note
--------------------------------------------------------------
     0 | D        | Kidiri the Spriggan Enchanter began the quest for the Orb.
     0 | D        | Reached XP level 1. HP: 9/9 MP: 5/5
     1 | D        | Noticed a necrophage
     1 | D        | Noticed a necrophage
     1 | D        | Noticed a necrophage
     1 | D        | Noticed a necrophage
     6 | D        | Killed a necrophage
     6 | D        | Reached skill level 6 in Dodging
     6 | D        | Reached skill level 7 in Stealth
     6 | D        | Reached XP level 2. HP: 15/15 MP: 6/8
     6 | D        | Reached XP level 3. HP: 18/18 MP: 6/9
     6 | D        | Reached XP level 4. HP: 23/23 MP: 7/11
    12 | D        | Killed a necrophage
    12 | D        | Reached skill level 5 in Short Blades
    12 | D        | Reached skill level 9 in Stealth
    12 | D        | Reached skill level 5 in Spellcasting
    12 | D        | Reached skill level 5 in Hexes
    12 | D        | Reached XP level 5. HP: 27/27 MP: 7/13
    16 | D        | Killed a necrophage
    16 | D        | Reached skill level 10 in Stealth
    21 | D        | Killed a necrophage
    21 | D        | Reached XP level 6. HP: 32/32 MP: 8/16
   105 | D        | Learned a level 2 spell: Ensorcelled Hibernation
   109 | D        | Learned a level 3 spell: Confuse
   113 | D        | Learned a level 3 spell: Tukima's Dance
   117 | D        | Learned a level 3 spell: Dazzling Spray
   128 | D        | Noticed a brain worm
   128 | D        | Noticed a brain worm
   128 | D        | Noticed a brain worm
   128 | D        | Noticed a brain worm
   130 | D        | Killed a brain worm
   130 | D        | Reached skill level 11 in Stealth
   132 | D        | Killed a brain worm
   132 | D        | Reached skill level 10 in Dodging
   132 | D        | Reached skill level 1 in Ice Magic
   134 | D        | Killed a brain worm
   134 | D        | Reached skill level 1 in Conjurations
   134 | D        | Reached XP level 7. HP: 35/37 MP: 17/17
   140 | D        | Killed a brain worm
   187 | D        | Found Ymuawesch's Magic Scroll Emporium.
   187 | D        | Found Zusit's Jewellery Shoppe.
   187 | D        | Found Ejeen's Distillery.
   187 | D        | Found Evirch's Gadget Emporium.
   188 | D        | Found Dyshaw's Food Emporium.
   188 | D        | Found Xetopt's Antique Armour Shoppe.
   188 | D        | Found Daiwagiri's Antique Armour Emporium.
   188 | D        | Found Eschimuce's Antique Armour Shoppe.
   192 | D        | Found Sus Paul's Antique Weapon Emporium.
   192 | D        | Found Baich's Book Emporium.
   192 | D        | Found Arid Ant's Jewellery Shoppe.
   192 | D        | Found Wucycar's Distillery.
   225 | D        | Noticed a boulder beetle
   225 | D        | Noticed a boulder beetle
   228 | D        | Killed a boulder beetle
   228 | D        | Reached skill level 12 in Stealth
   231 | D        | Killed a boulder beetle
   249 | D        | Noticed a lava snake
   250 | D        | Noticed a lava snake
   251 | D        | Noticed a lava snake
   251 | D        | Noticed a lava snake
   251 | D        | Noticed a kraken
   268 | D        | Found Wudeagri's Distillery.
   268 | D        | Found Ydweklo's Armour Emporium.
   268 | D        | Noticed an ice dragon
   268 | D        | Noticed an oklob plant
   269 | D        | Found Olivump's Distillery.
   269 | D        | Found Sounyziu's Book Shoppe.
   271 | D        | Noticed a great orb of eyes
   292 | D        | Bought the ring of Ymnubbeo {+Inv rPois rN+ Dex+6 SInv} for 936 gold pieces
   295 | D        | Noticed a spiny frog
   303 | D        | Noticed a spiny frog
   320 | D        | Noticed a blink frog
   335 | D        | Killed a blink frog
   335 | D        | Reached skill level 13 in Stealth
   335 | D        | Reached skill level 1 in Evocations
   335 | D        | Reached XP level 8. HP: 29/42 MP: 10/20
   428 | D        | Noticed a flying skull
   429 | D        | Noticed a flying skull
   431 | D        | Noticed a flying skull
   431 | D        | Noticed a flying skull
   431 | D        | Noticed a flying skull
   432 | D        | Noticed a flying skull
   432 | D        | Noticed a flying skull
   432 | D        | Noticed a flying skull
   432 | D        | Noticed a flying skull
   432 | D        | Noticed a flying skull
   432 | D        | Noticed a flying skull
   433 | D        | Noticed a crocodile
   433 | D        | Noticed a flying skull
   440 | D        | Killed a crocodile
   483 | D        | Noticed a kraken
   514 | D        | Found a shadowy altar of Dithmenos.
   514 | D        | Found a roughly hewn altar of Beogh.
   515 | D        | Found a burning altar of Makhleb.
   515 | D        | Found a bloodstained altar of Trog.
   517 | D        | Found a viscous altar of Jiyva.
   517 | D        | Found a deep blue altar of Sif Muna.
   517 | D        | Found a glowing golden altar of the Shining One.
   518 | D        | Found an iron altar of Okawaru.
   518 | D        | Found a shimmering altar of Xom.
   518 | D        | Found an opulent altar of Gozag.
   521 | D        | Found a sacrificial altar of Ru.
   521 | D        | Found a blossoming altar of Fedhas.
   521 | D        | Found a radiant altar of Vehumet.
   524 | D        | Found a corrupted altar of Lugonu.
   524 | D        | Found a white marble altar of Elyvilon.
   524 | D        | Found a basalt altar of Yredelemnul.
   525 | D        | Found a sparkling altar of Nemelex Xobeh.
   525 | D        | Found an ancient bone altar of Kikubaaqudgha.
   526 | D        | Found a stormy altar of Qazlal.
   527 | D        | Noticed a yaktaur
   527 | D        | Noticed a wasp
   527 | D        | Noticed a polar bear
   528 | D        | Noticed a polar bear
   528 | D        | Noticed a polar bear
   529 | D        | Killed a polar bear
   531 | D        | Killed a wasp
   533 | D        | Killed a yaktaur
   533 | D        | Reached skill level 5 in Fighting
   534 | D        | Killed a polar bear
   534 | D        | Reached skill level 14 in Stealth
   534 | D        | Reached XP level 9. HP: 45/47 MP: 18/22
   535 | D        | Killed a polar bear
   535 | D        | Reached skill level 10 in Short Blades
   559 | D        | Found a snail-covered altar of Cheibriados.
   561 | D        | Found a glowing silver altar of Zin.
   563 | D        | Became a worshipper of Dithmenos the Shadowed
   571 | D        | Noticed a crocodile
   580 | D        | Noticed an obsidian statue
   587 | D        | Noticed a flying skull
   588 | D        | Noticed a flying skull
   610 | D        | Noticed Menkaure
   632 | D        | Noticed a crocodile
   762 | D        | Killed Menkaure
   766 | D        | Noticed a purple draconian shifter
   766 | D        | Noticed a giant orange brain
   766 | D        | Noticed Sonja
   766 | D        | Noticed a hellephant
   873 | D        | Killed a giant orange brain
   918 | D        | Noticed a death drake
   918 | D        | Noticed a swamp drake
   923 | D        | Noticed a death drake
   923 | D        | Noticed a crystal guardian
   923 | D        | Noticed a swamp drake
   924 | D        | Killed a swamp drake
   924 | D        | Reached skill level 5 in Evocations
   926 | D        | Killed a crystal guardian
   926 | D        | Reached skill level 15 in Stealth
   927 | D        | Killed a death drake
   927 | D        | Reached XP level 10. HP: 51/53 MP: 21/24
   928 | D        | Killed a swamp drake
   928 | D        | Acquired Dithmenos's first power
   930 | D        | Killed a death drake
   930 | D        | Reached skill level 16 in Stealth
   940 | D        | Noticed a hell hog
   940 | D        | Noticed a hell hog
   942 | D        | Killed a hell hog
   944 | D        | Killed a hell hog
   944 | D        | Acquired Dithmenos's second power
   944 | D        | Reached skill level 15 in Dodging
   944 | D        | Reached skill level 10 in Hexes
   944 | D        | Reached skill level 5 in Ice Magic
   953 | D        | Noticed a slime creature
   953 | D        | Noticed a slime creature
   954 | D        | Noticed a slime creature
   964 | D        | Killed a slime creature
   964 | D        | Reached skill level 10 in Spellcasting
   989 | D        | Killed a slime creature
  1303 | D        | Killed a slime creature
  1303 | D        | Acquired Dithmenos's third power
  1419 | D        | Killed a kraken
  1419 | D        | Reached skill level 17 in Stealth
  1419 | D        | Reached skill level 5 in Conjurations
  1419 | D        | Reached XP level 11. HP: 33/58 MP: 20/26
  1576 | D        | Noticed Kirke
  1576 | D        | Noticed a skeletal warrior
  1576 | D        | Noticed a yaktaur captain
  1607 | D        | Killed a kraken
  1680 | D        | Noticed an elephant
  1680 | D        | Noticed a centaur warrior
  1680 | D        | Noticed a kobold demonologist
  1682 | D        | Killed a yaktaur captain
  1684 | D        | Killed Kirke
  1684 | D        | Reached skill level 18 in Stealth
  1685 | D        | Killed a skeletal warrior
  1686 | D        | Noticed a polar bear
  1687 | D        | Killed a centaur warrior
  1687 | D        | Acquired Dithmenos's fourth power
  1688 | D        | Killed a kobold demonologist
  1693 | D        | Killed an elephant
  1720 | D        | Noticed a polar bear
  1721 | D        | Killed a polar bear
  1723 | D        | Killed a polar bear
  1728 | D        | Noticed a necrophage
  1728 | D        | Noticed an iron imp
  1730 | D        | Killed an iron imp
  1732 | D        | Killed a necrophage
  1739 | D        | Noticed a wyvern
  1739 | D        | Noticed a wyvern
  1742 | D        | Killed a wyvern
  1744 | D        | Killed a wyvern
  1874 | D        | Noticed a redback
  1874 | D        | Noticed a redback
  1874 | D        | Noticed a death yak
  1874 | D        | Noticed a fire dragon
  1877 | D        | Killed a fire dragon
  1877 | D        | Reached skill level 19 in Stealth
  1877 | D        | Reached skill level 10 in Evocations
  1879 | D        | Killed a death yak
  1879 | D        | Reached XP level 12. HP: 64/64 MP: 26/28
  1882 | D        | Killed a redback
  1884 | D        | Killed a redback
  1904 | D        | Found Acash's Jewellery Emporium.
  1904 | D        | Found Lufiy's Food Shop.
  1904 | D        | Found Fako Sen's Book Shop.
  1904 | D        | Found Ichiygici's Food Shoppe.
  1904 | D        | Found Fybrotex's Magic Scroll Boutique.
  1905 | D        | Found Hyeraa's Magic Scroll Shoppe.
  1905 | D        | Found Eseuwn's Antique Armour Boutique.
  1905 | D        | Found Esamevi's Assorted Antiques.
  1905 | D        | Found Optucw's Weapon Shop.
  1905 | D        | Found Mumpewucs's Weapon Emporium.
  1905 | D        | Found Cusecar's General Store.
  1905 | D        | Found Xupneoco's Distillery.
  1908 | D        | Bought a book of Enchantments for 700 gold pieces
  1913 | D        | Learned a level 4 spell: Cause Fear
  1919 | D        | Learned a level 5 spell: Silence
  1926 | D        | Learned a level 6 spell: Deflect Missiles
  1933 | D        | Learned a level 6 spell: Haste
  1936 | D        | Bought a bread ration for 55 gold pieces
  1936 | D        | Bought a bread ration for 55 gold pieces
  1938 | D        | Bought a scroll of identify for 22 gold pieces
  1938 | D        | Bought a scroll of identify for 22 gold pieces
  1938 | D        | Bought a scroll of identify for 22 gold pieces
  1946 | D        | Bought an embroidered robe for 23 gold pieces
  2045 | D        | Killed a crocodile
  2055 | D        | Noticed a crocodile
  2055 | D        | Killed a crocodile
  2057 | D        | Noticed a deep troll
  2058 | D        | Noticed a deep troll
  2065 | D        | Killed a deep troll
  2068 | D        | Killed a deep troll
  2068 | D        | Reached skill level 1 in Charms
  2074 | D        | Killed a crocodile
  2074 | D        | Reached skill level 1 in Air Magic
  2200 | D        | Noticed a deep elf master archer
  2203 | D        | Noticed a hippogriff
  2203 | D        | Noticed a hippogriff
  2203 | D        | Noticed a hippogriff
  2205 | D        | Killed a hippogriff
  2205 | D        | Reached skill level 1 in Invocations
  2206 | D        | Killed a hippogriff
  2208 | D        | Killed a hippogriff
  2223 | D        | Killed a deep elf master archer
  2228 | D        | Noticed an iron elemental
  2228 | D        | Noticed a black bear
  2228 | D        | Noticed a black bear
  2228 | D        | Noticed an unseen horror
  2228 | D        | Noticed a griffon
  2228 | D        | Noticed a black bear
  2228 | D        | Noticed an unseen horror
  2228 | D        | Noticed a griffon
  2228 | D        | Noticed a yak
  2228 | D        | Noticed a yak
  2228 | D        | Noticed a yak
  2229 | D        | Noticed a griffon
  2236 | D        | Killed an unseen horror
  2240 | D        | Killed an unseen horror
  2244 | D        | Killed a yak
  2245 | D        | Killed a yak
  2254 | D        | Killed an iron elemental
  2254 | D        | Reached skill level 20 in Stealth
  2255 | D        | Killed a black bear
  2256 | D        | Killed a griffon
  2258 | D        | Killed a black bear
  2263 | D        | Killed a black bear
  2266 | D        | Killed a griffon
  2270 | D        | Killed a griffon
  2273 | D        | Killed a yak
  2277 | D        | Got a fine robe
  2288 | D        | Identified the +1 robe of Existentialism {+Blink MP+9 Int+3 Dex-3} (You found it in the Dungeon)
  2402 | D        | Noticed a flying skull
  2410 | D        | Noticed a sphinx
  2410 | D        | Noticed a sphinx
  2413 | D        | Killed a sphinx
  2416 | D        | Killed a sphinx
  2416 | D        | Reached skill level 15 in Short Blades
  2416 | D        | Reached skill level 5 in Charms
  2583 | D        | Killed Sonja
  2619 | D        | Killed a purple draconian shifter
  2619 | D        | Reached XP level 13. HP: 40/70 MP: 18/31
  2783 | D        | Noticed an eye of devastation
  2784 | D        | Noticed a harpy
  2784 | D        | Noticed a deep elf blademaster
  2784 | D        | Noticed a flying skull
  2785 | D        | Killed a harpy
  2786 | D        | Killed an eye of devastation
  2797 | D        | Killed a flying skull
  2806 | D        | Identified a +6 rod of clouds (10/10) (You found it in the Dungeon)
  2887 | D        | Killed a flying skull
  3096 | D        | Noticed a flying skull
  3472 | D        | Killed a flying skull
  3494 | D        | Killed a flying skull
  3612 | D        | Noticed a golden dragon
  3613 | D        | Noticed a frost giant
  3613 | D        | Noticed a deep elf high priest
  3613 | D        | Noticed a bone dragon
  3613 | D        | Noticed a storm dragon
  3613 | D        | Noticed a cacodemon
  3615 | D        | Paralysed by miscasting Haste for 6 turns
  3617 | D        | Slain by a golden dragon

Vault maps used:
D:        the_violet_keep_of_menkaure

Action                   |  1- 3 |  4- 6 |  7- 9 | 10-12 | 13-15 || total
-------------------------+-------+-------+-------+-------+-------++-------
Melee: Dagger            |     4 |    18 |    89 |   114 |    19 ||   244
 Fire: Blowgun           |       |       |       |       |     5 ||     5
 Cast: Ensorcelled Hiber |       |       |    17 |    39 |     4 ||    60
       Confuse           |       |       |     4 |    10 |     7 ||    21
       Corona            |       |       |     3 |       |       ||     3
       Tukima's Dance    |       |       |       |     3 |     2 ||     5
       Cause Fear        |       |       |       |     1 |       ||     1
Invok: Shadow Step       |       |       |       |     1 |     2 ||     3
 Abil: Evoke Invisibilit |       |       |     3 |     3 |       ||     6
  Use: Potion            |     1 |       |     3 |     2 |     1 ||     7
       Scroll            |       |       |     5 |     5 |       ||    10
 Stab: Sleeping          |       |     3 |    16 |    39 |     2 ||    60
       Invisible         |       |       |     1 |     9 |       ||    10
       Confused          |       |       |       |     6 |     4 ||    10
       Distracted        |       |       |       |     2 |       ||     2
  Eat: Bread ration      |       |       |       |     1 |       ||     1
